TOP OF THE 1ST |
Spokane Indians batting - Pitching for Lowell Spinners : RHP Austin O'Connor
|
Pitching: RHP Austin O'Connor
|
|
Batting: RHB Chad Thompson
|
0-0: Ball 1-0: Called Strike 1-1: Ball 2-1: DOUBLE (Flyball, 89XD, EV 91.2 MPH)
|
Batting: RHB Rick Concha
|
0-0: Called Strike 0-1: Foul Ball, location: 2F 0-2: Foul Ball, location: 2F 0-2: Ball 1-2: Hit by Pitch
|
Batting: RHB Mike Thornton
|
0-0: Ball 1-0: Ball 2-0: Swinging Strike 2-1: Grounds into double play, 4-6-3 (Groundball, 4, EV 101.9 MPH) Chad Thompson to third
|
Batting: LHB Nick Foutz
|
0-0: Ball 1-0: Ball 2-0: Ball 3-0: Base on Balls
|
Batting: RHB Dennis Daniels
|
0-0: Ball 1-0: Called Strike 1-1: Ground out 1-3 (Groundball, 13S, EV 68.8 MPH)
|
Top of the 1st over - 0 runs, 1 hit, 0 errors, 2 left on base; Spokane 0 - Lowell 0 |
BOTTOM OF THE 1ST |
Lowell Spinners batting - Pitching for Spokane Indians : LHP Chris P. Bacon
|
Pitching: LHP Chris P. Bacon
|
|
Batting: RHB Aukukero Tairi
|
0-0: Called Strike 0-1: Ball 1-1: Ground out 5-3 (Groundball, 5D, EV 100.0 MPH)
|
Batting: RHB Rogelio Cervantes
|
0-0: Ball 1-0: Called Strike 1-1: Fly out, F8 (Flyball, 8LD, EV 80.0 MPH)
|
Batting: SHB Salvador Padilla
|
0-0: Ball 1-0: Ground out 6-3 (Groundball, 4MD, EV 104.4 MPH)
|
Bottom of the 1st over - 0 runs, 0 hits, 0 errors, 0 left on base; Spokane 0 - Lowell 0 |
TOP OF THE 2ND |
Spokane Indians batting - Pitching for Lowell Spinners : RHP Austin O'Connor
|
Batting: RHB Eric Garrett
|
0-0: Ball 1-0: Foul Ball, location: 2F 1-1: Called Strike 1-2: Strikes out swinging
|
Batting: RHB Aaron Graham
|
0-0: Ball 1-0: Ball 2-0: Called Strike 2-1: Foul Ball, location: 2F 2-2: Ball 3-2: Strikes out swinging
|
Batting: LHB Mike Sammons
|
0-0: Called Strike 0-1: Called Strike 0-2: Ball 1-2: Foul Ball, location: 2F 1-2: Strikes out looking
|
Top of the 2nd over - 0 runs, 0 hits, 0 errors, 0 left on base; Spokane 0 - Lowell 0 |
BOTTOM OF THE 2ND |
Lowell Spinners batting - Pitching for Spokane Indians : LHP Chris P. Bacon
|
Batting: RHB Xavier Joslin
|
0-0: Swinging Strike 0-1: Foul Ball, location: 2F 0-2: Foul Ball, location: 2F 0-2: Strikes out looking
|
Batting: RHB Raul Sanchez
|
0-0: Called Strike 0-1: SINGLE (Groundball, 34D, EV 103.1 MPH)
|
Batting: RHB Mario Arriero
|
0-0: Fly out, F7 (Flyball, 7D, EV 75.6 MPH)
|
Batting: RHB Willie Camacho
|
0-0: Foul Ball, location: 2F 0-1: Swinging Strike 0-2: Ball 1-2: Ball 2-2: Strikes out swinging
|
Bottom of the 2nd over - 0 runs, 1 hit, 0 errors, 1 left on base; Spokane 0 - Lowell 0 |
TOP OF THE 3RD |
Spokane Indians batting - Pitching for Lowell Spinners : RHP Austin O'Connor
|
Batting: RHB Alex Vazquez
|
0-0: Ball 1-0: Foul Ball, location: 2F 1-1: Swinging Strike 1-2: Fly out, F9 (Line Drive, 9S, EV 110.0 MPH)
|
Batting: RHB Chad Thompson
|
0-0: Ball 1-0: DOUBLE (Flyball, 9LD, EV 106.9 MPH)
|
Batting: RHB Rick Concha
|
0-0: Called Strike 0-1: Swinging Strike 0-2: Ball 1-2: Fly out, F7 (Line Drive, 7S, EV 98.1 MPH)
|
Batting: RHB Mike Thornton
|
0-0: Ground out 6-3 (Groundball, 6, EV 78.8 MPH)
|
Top of the 3rd over - 0 runs, 1 hit, 0 errors, 1 left on base; Spokane 0 - Lowell 0 |
BOTTOM OF THE 3RD |
Lowell Spinners batting - Pitching for Spokane Indians : LHP Chris P. Bacon
|
Batting: RHB Jose Molina
|
0-0: Ball 1-0: Ground out 5-3 (Groundball, 56, EV 85.6 MPH)
|
Batting: LHB Robert Gonzalez
|
0-0: Swinging Strike 0-1: Swinging Strike 0-2: Strikes out swinging
|
Batting: RHB Aukukero Tairi
|
0-0: Called Strike 0-1: Ground out 6-3 (Groundball, 6M, EV 110.6 MPH)
|
Bottom of the 3rd over - 0 runs, 0 hits, 0 errors, 0 left on base; Spokane 0 - Lowell 0 |
TOP OF THE 4TH |
Spokane Indians batting - Pitching for Lowell Spinners : RHP Austin O'Connor
|
Batting: LHB Nick Foutz
|
0-0: Ball 1-0: Called Strike 1-1: Ball 2-1: Foul Ball, location: 2F 2-2: Strikes out swinging
|
Batting: RHB Dennis Daniels
|
0-0: Swinging Strike 0-1: Ball 1-1: Ball 2-1: Foul Ball, location: 2F 2-2: Foul Ball, location: 2F 2-2: Ball 3-2: Ground out 6-3 (Groundball, 56, EV 101.9 MPH)
|
Batting: RHB Eric Garrett
|
0-0: Fly out, F7 (Flyball, 78M, EV 88.8 MPH)
|
Top of the 4th over - 0 runs, 0 hits, 0 errors, 0 left on base; Spokane 0 - Lowell 0 |
BOTTOM OF THE 4TH |
Lowell Spinners batting - Pitching for Spokane Indians : LHP Chris P. Bacon
|
Batting: RHB Rogelio Cervantes
|
0-0: Hit by Pitch
|
Batting: SHB Salvador Padilla
|
0-0: Ball Rogelio Cervantes steals 2nd base 1-0: Ball 2-0: Called Strike 2-1: Swinging Strike 2-2: Ball 3-2: Fly out, F6 (Line Drive, 6, EV 61.9 MPH)
|
Batting: RHB Xavier Joslin
|
0-0: Called Strike Rogelio Cervantes steals 3rd base 0-1: Foul Ball, location: 2F 0-2: Ball 1-2: Ball 2-2: Ground out 4-3 (Groundball, 4, EV 87.5 MPH) Rogelio Cervantes scores
|
Batting: RHB Raul Sanchez
|
0-0: Ball 1-0: Swinging Strike 1-1: Ball 2-1: Called Strike 2-2: Strikes out swinging
|
Bottom of the 4th over - 1 run, 0 hits, 0 errors, 0 left on base; Spokane 0 - Lowell 1 |
TOP OF THE 5TH |
Spokane Indians batting - Pitching for Lowell Spinners : RHP Austin O'Connor
|
Batting: RHB Aaron Graham
|
0-0: Ball 1-0: Ball 2-0: Foul Ball, location: 2F 2-1: Ball 3-1: Called Strike 3-2: Foul Ball, location: 2F 3-2: SINGLE (Groundball, 56D, EV 101.2 MPH)
|
Batting: LHB Mike Sammons
|
0-0: Ball 1-0: Ball 2-0: Foul Ball, location: 2F 2-1: Foul Ball, location: 2F 2-2: Strikes out looking
|
Batting: RHB Alex Vazquez
|
0-0: Fly out, F9 (Flyball, 9, EV 91.9 MPH)
|
Batting: RHB Chad Thompson
|
0-0: Called Strike Aaron Graham steals 2nd base 0-1: Swinging Strike 0-2: Strikes out swinging
|
Top of the 5th over - 0 runs, 1 hit, 0 errors, 1 left on base; Spokane 0 - Lowell 1 |
BOTTOM OF THE 5TH |
Lowell Spinners batting - Pitching for Spokane Indians : LHP Chris P. Bacon
|
Batting: RHB Mario Arriero
|
0-0: Called Strike 0-1: Swinging Strike 0-2: Strikes out looking
|
Batting: RHB Willie Camacho
|
0-0: Ball 1-0: Called Strike 1-1: Ball 2-1: Called Strike 2-2: DOUBLE (Line Drive, 78D, EV 108.8 MPH)
|
Batting: RHB Jose Molina
|
0-0: Called Strike 0-1: Ball 1-1: Ground out 4-3 (Groundball, 4, EV 92.5 MPH) Willie Camacho to third
|
Batting: LHB Robert Gonzalez
|
0-0: Called Strike 0-1: Foul Ball, location: 2F 0-2: Ball 1-2: Foul Ball, location: 2F 1-2: Ball 2-2: Strikes out swinging
|
Bottom of the 5th over - 0 runs, 1 hit, 0 errors, 1 left on base; Spokane 0 - Lowell 1 |
TOP OF THE 6TH |
Spokane Indians batting - Pitching for Lowell Spinners : RHP Austin O'Connor
|
Batting: RHB Rick Concha
|
0-0: DOUBLE (Line Drive, 9LM, EV 108.1 MPH)
|
Batting: RHB Mike Thornton
|
0-0: Called Strike 0-1: Foul Ball, location: 2F 0-2: Foul Ball, location: 2F 0-2: Ball 1-2: Ground out U3 (Groundball, 34, EV 105.0 MPH) Rick Concha to third
|
Batting: LHB Nick Foutz
|
0-0: Called Strike 0-1: Ball 1-1: Swinging Strike 1-2: 2-RUN HOME RUN (Line Drive, 89XD, EV 105.0 MPH), Distance : 424 ft
|
Pitching: RHP Armando Berrios
|
|
Batting: RHB Dennis Daniels
|
0-0: Called Strike 0-1: Swinging Strike 0-2: Ball 1-2: Ball 2-2: Ball 3-2: Foul Ball, location: 2F 3-2: Base on Balls
|
Batting: RHB Eric Garrett
|
0-0: Ball 1-0: Ball Dennis Daniels steals 2nd base 2-0: Ball 3-0: Base on Balls
|
Batting: RHB Aaron Graham
|
0-0: Swinging Strike 0-1: Ball 1-1: Foul Ball, location: 2F 1-2: Ball 2-2: Ball 3-2: Foul Ball, location: 2F 3-2: SINGLE (Line Drive, 8LS, EV 103.8 MPH) Dennis Daniels to third Eric Garrett to second Runner from 3rd tries for Home, SAFE, throw by CF to home
|
Batting: LHB Mike Sammons
|
0-0: Ball 1-0: Ball 2-0: Swinging Strike 2-1: Ball 3-1: Fielders Choice at 2nd, 3-6 (Groundball, 34S, EV 90.6 MPH) Eric Garrett to third
|
Batting: RHB Alex Vazquez
|
0-0: Swinging Strike 0-1: Foul Ball, location: 2F 0-2: Ball 1-2: SINGLE (Groundball, 34D, EV 96.9 MPH) Eric Garrett scores Mike Sammons to second Runner from 2nd tries for 3rd, SAFE, throw by RF made to third
|
Batting: RHB Chad Thompson
|
0-0: Ball 1-0: Ball 2-0: Foul Ball, location: 2F 2-1: Fly out, F9 (Line Drive, 89M, EV 95.0 MPH)
|
Top of the 6th over - 4 runs, 4 hits, 0 errors, 2 left on base; Spokane 4 - Lowell 1 |
BOTTOM OF THE 6TH |
Lowell Spinners batting - Pitching for Spokane Indians : LHP Chris P. Bacon
|
Batting: RHB Aukukero Tairi
|
0-0: Ball 1-0: SINGLE (Line Drive, 6MD, EV 100.0 MPH)
|
Batting: RHB Rogelio Cervantes
|
0-0: Ball 1-0: Swinging Strike 1-1: Called Strike 1-2: Ball 2-2: Foul Ball, location: 2F 2-2: Ball 3-2: Ground out 1-3 (Groundball, 13S, EV 71.9 MPH) Aukukero Tairi to second
|
Batting: SHB Salvador Padilla
|
0-0: Ball 1-0: Called Strike 1-1: Ball 2-1: Fly out, F8 (Flyball, 8LM, EV 85.0 MPH)
|
Batting: RHB Xavier Joslin
|
0-0: Called Strike 0-1: Called Strike 0-2: SINGLE (Line Drive, 78S, EV 94.4 MPH) Aukukero Tairi to third Throwing error, E7 Aukukero Tairi scores Xavier Joslin to second
|
Batting: RHB Raul Sanchez
|
0-0: Called Strike 0-1: Ball 1-1: Called Strike 1-2: Ball 2-2: Ground out 3-1 (Groundball, 34, EV 83.8 MPH)
|
Bottom of the 6th over - 1 run, 2 hits, 1 error, 1 left on base; Spokane 4 - Lowell 2 |
TOP OF THE 7TH |
Spokane Indians batting - Pitching for Lowell Spinners : RHP Armando Berrios
|
Batting: RHB Rick Concha
|
0-0: Ball 1-0: Called Strike 1-1: Ball 2-1: Ball 3-1: Base on Balls
|
Pitching: RHP Tyler Tomblin
|
|
Batting: RHB Mike Thornton
|
0-0: Ball Rick Concha steals 2nd base 1-0: Ball 2-0: Called Strike 2-1: Ball 3-1: Base on Balls
|
Batting: LHB Nick Foutz
|
0-0: Ball 1-0: Foul Ball, location: 2F 1-1: Ball Wild Pitch! Rick Concha to third Mike Thornton to second 2-1: Swinging Strike 2-2: Foul Ball, location: 2F 2-2: Strikes out swinging
|
Batting: RHB Dennis Daniels
|
0-0: Ball 1-0: Called Strike 1-1: Ball 2-1: Ball 3-1: Base on Balls
|
Batting: RHB Eric Garrett
|
0-0: Foul Ball, location: 2F 0-1: Called Strike 0-2: Ball 1-2: Ball 2-2: Grounds into fielders choice 6-2 (Groundball, 56, EV 86.9 MPH) Mike Thornton to third Dennis Daniels to second
|
Batting: RHB Aaron Graham
|
0-0: Ball 1-0: Ball 2-0: Ball 3-0: Ground out 5-3 (Groundball, 5S, EV 73.1 MPH)
|
Top of the 7th over - 0 runs, 0 hits, 0 errors, 3 left on base; Spokane 4 - Lowell 2 |
BOTTOM OF THE 7TH |
Lowell Spinners batting - Pitching for Spokane Indians : LHP Chris P. Bacon
|
Now at 1B: Jason Swisher
|
|
Batting: RHB Mario Arriero
|
0-0: Ball 1-0: Ground out 6-3 (Groundball, 6, EV 105.0 MPH)
|
Batting: RHB Willie Camacho
|
0-0: Ball 1-0: Foul Ball, location: 2F 1-1: Ground out 1-3 (Groundball, 13S, EV 63.1 MPH)
|
Batting: RHB Jose Molina
|
0-0: Called Strike 0-1: Foul Ball, location: 2F 0-2: Ball 1-2: Ground out 5-3 (Groundball, 56S, EV 86.9 MPH)
|
Bottom of the 7th over - 0 runs, 0 hits, 0 errors, 0 left on base; Spokane 4 - Lowell 2 |
TOP OF THE 8TH |
Spokane Indians batting - Pitching for Lowell Spinners : RHP Tyler Tomblin
|
Batting: LHB Mike Sammons
|
0-0: Called Strike 0-1: Foul Ball, location: 2F 0-2: Ground out 6-3 (Groundball, 6, EV 85.6 MPH)
|
Batting: RHB Alex Vazquez
|
0-0: Called Strike 0-1: Ball 1-1: Ball 2-1: SOLO HOME RUN (Flyball, 7D, EV 96.9 MPH), Distance : 376 ft
|
Batting: RHB Chad Thompson
|
0-0: Ball 1-0: Ball 2-0: Foul Ball, location: 2F 2-1: Swinging Strike 2-2: Foul Ball, location: 2F 2-2: DOUBLE (Groundball, 5L, EV 96.2 MPH)
|
Pitching: LHP Jose Andujar
|
|
Batting: RHB Rick Concha
|
0-0: Called Strike Chad Thompson steals 3rd base 0-1: Ball 1-1: Called Strike Steal of home, Chad Thompson is out 1-2: Ball 2-2: Strikes out swinging
|
Top of the 8th over - 1 run, 2 hits, 0 errors, 0 left on base; Spokane 5 - Lowell 2 |
BOTTOM OF THE 8TH |
Lowell Spinners batting - Pitching for Spokane Indians : LHP Chris P. Bacon
|
Batting: LHB Robert Gonzalez
|
0-0: Ball 1-0: Foul Ball, location: 2F 1-1: Ball 2-1: Called Strike 2-2: Ball 3-2: Strikes out swinging
|
Batting: RHB Aukukero Tairi
|
0-0: Ball 1-0: Ball 2-0: Swinging Strike 2-1: Ball 3-1: Base on Balls
|
Pitching: RHP Victor Benitez
|
|
Pinch Hitting: LHB Nelis Geurts
|
0-0: Ball 1-0: Ball 2-0: Ball 3-0: Grounds into double play, 5-4-3 (Groundball, 56, EV 87.5 MPH)
|
Bottom of the 8th over - 0 runs, 0 hits, 0 errors, 0 left on base; Spokane 5 - Lowell 2 |
TOP OF THE 9TH |
Spokane Indians batting - Pitching for Lowell Spinners : LHP Jose Andujar
|
Now at 3B: Randy Schmitt
|
|
Now at SS: Jose Molina
|
|
Batting: RHB Mike Thornton
|
0-0: Ball 1-0: Foul Ball, location: 2F 1-1: Ball 2-1: Ball 3-1: Base on Balls
|
Batting: LHB Nick Foutz
|
0-0: Called Strike 0-1: Foul Ball, location: 2F 0-2: Ball 1-2: Strikes out swinging
|
Batting: RHB Dennis Daniels
|
0-0: Ball 1-0: Ball 2-0: Swinging Strike 2-1: Ball 3-1: Foul Ball, location: 2F 3-2: Fielders Choice at 2nd, 6-4 (Groundball, 6, EV 86.2 MPH)
|
Batting: RHB Eric Garrett
|
0-0: Ball 1-0: Ball 2-0: Ball 3-0: Base on Balls Dennis Daniels to second
|
Batting: RHB Jason Swisher
|
0-0: Ball Wild Pitch! Dennis Daniels to third Eric Garrett to second 1-0: Called Strike 1-1: Swinging Strike 1-2: Ball 2-2: Foul Ball, location: 2F 2-2: Ball 3-2: Base on Balls
|
Pinch Hitting: RHB Danny Odom
|
0-0: Ball 1-0: Foul Ball, location: 2F 1-1: Ball 2-1: SINGLE (Line Drive, 7S, EV 104.4 MPH) Dennis Daniels scores Eric Garrett to third Jason Swisher to second Runner from 3rd tries for Home, SAFE, throw by LF to home
|
Batting: RHB Alex Vazquez
|
0-0: Swinging Strike 0-1: Called Strike 0-2: Ball Passed Ball! Jason Swisher to third Danny Odom to second 1-2: Ball 2-2: Foul Ball, location: 2F 2-2: Ball 3-2: Strikes out looking
|
Top of the 9th over - 2 runs, 1 hit, 0 errors, 2 left on base; Spokane 7 - Lowell 2 |
BOTTOM OF THE 9TH |
Lowell Spinners batting - Pitching for Spokane Indians : RHP Victor Benitez
|
Now at C: Edwin Soto
|
|
Batting: SHB Salvador Padilla
|
0-0: Ball 1-0: Ball 2-0: Swinging Strike 2-1: Ball 3-1: Base on Balls
|
Batting: RHB Xavier Joslin
|
0-0: Foul Ball, location: 2F 0-1: Ball 1-1: Swinging Strike 1-2: Ball 2-2: Strikes out swinging
|
Batting: RHB Raul Sanchez
|
0-0: Ball 1-0: SINGLE (Line Drive, 4M, EV 99.4 MPH) Salvador Padilla to second
|
Batting: RHB Mario Arriero
|
0-0: SINGLE (Line Drive, 89S, EV 91.9 MPH) Salvador Padilla to third Raul Sanchez to second
|
Batting: RHB Willie Camacho
|
0-0: Called Strike 0-1: Ball 1-1: Swinging Strike 1-2: Ball 2-2: Strikes out swinging
|
Batting: RHB Jose Molina
|
0-0: Called Strike 0-1: Ground out 5-3 (Groundball, 56S, EV 66.9 MPH)
|
Bottom of the 9th over - 0 runs, 2 hits, 0 errors, 3 left on base; Spokane 7 - Lowell 2 |
|